 Dungeon Crawl Stone Soup version 0.26-a0-667-g92642533e4 (webtiles) character file.

Game seed: 9464950281619983128

339 CheiIsBae the Cleaver (level 6, 0/51 HPs)
             Began as a Hill Orc Monk on Oct 18, 2020.
             Was a Believer of Cheibriados.
             Slain by an orc
             ... wielding a +0 war axe of electrocution
              (16 damage)
             ... on level 3 of the Dungeon.
             The game lasted 00:04:18 (3687 turns).

CheiIsBae the Cleaver (Hill Orc Monk)               Turns: 3687, Time: 00:04:19

Health: 0/51       AC: 11    Str: 20    XL:     6   Next: 55%
Magic:  6/6        EV:  8    Int: 14    God:    Cheibriados [**....]
Gold:   191        SH:  0    Dex: 17    Spells: 5/5 levels left

rFire    . . .     SeeInvis .   a - +0 hand axe
rCold    . . .     Faith    .   (no shield)
rNeg     . . .     Spirit   .   q - +0 chain mail
rPois    .         Reflect  .   (no helmet)
rElec    .         Harm     .   g - +1 cloak
rCorr    .         Rampage  .   (no gloves)
MR       +....                  b - +0 pair of boots
Stlth    ..........             (no amulet)
HPRegen  0.17/turn              d - ring of protection from magic
MPRegen  0.10/turn              (no ring)

@: very slow
A: no striking features
a: Bend Time, Renounce Religion


You were on level 3 of the Dungeon.
You worshipped Cheibriados.
Cheibriados was pleased with you.
You visited 1 branch of the dungeon, and saw 3 of its levels.

You collected 191 gold pieces.

Inventory:

Hand Weapons
 a - a +0 hand axe (weapon)
 n - a +0 war axe
Armour
 b - a +0 pair of boots (worn)
 g - a +1 cloak (worn)
 q - a +0 chain mail (worn)
Jewellery
 d - a ring of protection from magic (left hand)
Wands
 o - a wand of paralysis (8)
Scrolls
 e - 2 scrolls of remove curse
 h - a scroll of blinking
 j - 4 scrolls of teleportation
Potions
 c - 2 potions of heal wounds {unknown}
 f - 4 potions of mutation {unknown}
 i - a potion of degeneration {unknown}
 l - a potion of lignification {unknown}
 m - a potion of curing {unknown}


   Skills:
 - Level 3.6 Fighting
 * Level 9.4 Axes
 + Level 0.0 Armour
 - Level 2.4 Dodging
 - Level 1.5 Stealth
 + Level 0.0 Invocations


You had 5 spell levels left.
You didn't know any spells.
Your spell library was empty.

Dungeon Overview and Level Annotations

Branches:
Dungeon (3/15)

Altars:
Cheibriados
Sif Muna


Message History

Cheibriados begins to support your attributes as your movement slows.
You can now bend time to slow others.
An orc is nearby!
Okay, then.
An orc is nearby!
An orc is nearby!
An orc is nearby!
The orc hits you but does no damage.
You are electrocuted!
You hit the orc.
The orc is heavily wounded.
The orc hits you but does no damage.
You are electrocuted!
You are too injured to fight recklessly!
You are too injured to fight recklessly!
You are too injured to fight recklessly!
You are too injured to fight recklessly!
You barely miss the orc.
The orc is heavily wounded.
The orc hits you with a +0 war axe of electrocution!
You are electrocuted!
You die...

******** *,***** #.# *,,,,,*
#.#*** *****,* #..,,* *,*
#.**,* *,****** *,**,*
*,,,,,,# *,**,* **####.#
*,**,* *******#####** #.o..#
*,**,*
*,,,,,,......###@##.####,**,*
,,********#.............,**,*
*** #.####.####.##***,*
#,#.......#,* *,*
#.#.......#,* *,*
#.#.......#,* *,* ######
#.^..._...#,* *,* .....#
##.#.......#,** *,*
####.#####..#.......#,,* *,*


You could see an orc.

Vanquished Creatures
  A bullfrog (D:3)
  A water moccasin skeleton (D:3)
  An orc wizard (D:3)
  4 gnolls (D:2)
  9 adders
  2 oozes
  3 worms (D:2)
  A dart slug (D:2)
  2 leopard geckos (D:1)
  2 orcs (D:3)
  2 ball pythons
  2 giant cockroaches (D:1)
  9 goblins
  8 hobgoblins
  A quokka (D:2)
  7 bats
  3 frilled lizards
  8 kobolds
  9 rats
75 creatures vanquished.

Notes
Turn   | Place    | Note
-------+----------+-------------------------------------------
     0 | D:1      | CheiIsBae the Hill Orc Monk began the quest for the Orb.
     0 | D:1      | Reached XP level 1. HP: 19/19 MP: 1/1
   189 | D:1      | Reached XP level 2. HP: 26/26 MP: 2/2
   310 | D:1      | Reached skill level 5 in Axes
   768 | D:1      | Reached XP level 3. HP: 31/31 MP: 3/3
  1016 | D:2      | Reached skill level 6 in Axes
  1039 | D:2      | Reached XP level 4. HP: 20/39 MP: 4/4
  1648 | D:1      | Reached skill level 7 in Axes
  2183 | D:2      | Reached XP level 5. HP: 26/45 MP: 5/5
  2929 | D:3      | Reached skill level 8 in Axes
  2963 | D:3      | Found a shimmering blue altar of Sif Muna.
  3168 | D:3      | Reached XP level 6. HP: 46/51 MP: 6/6
  3510 | D:3      | Reached skill level 9 in Axes
  3657 | D:3      | Found a snail-covered altar of Cheibriados.
  3675 | D:3      | Became a worshipper of Cheibriados the Contemplative
  3675 | D:3      | Reached * piety under Cheibriados
  3675 | D:3      | Reached ** piety under Cheibriados
  3687 | D:3      | Slain by an orc

Illustrated notes

Levels and vault maps discovered:
D:1:      minmay_arrival_glassed_features, layout_basic
D:2:      layout_loops_ring, chequers_serial_rivers_room_b,
          hangedman_decor_peaks_small
D:3:      layout_loops_ring, lemuel_round_altar, lemuel_tele_altar

Skill      XL: |  1  2  3  4  5  6 |
---------------+-------------------+-----
Axes           | 5 6 7 8 9 |  9.4
Fighting       | |  3.6
Dodging        | |  2.4
Stealth        | |  1.5

Action                   |  1- 3 |  4- 6 || total
-------------------------+-------+-------++-------
Melee: Hand axe          |    97 |   240 ||   337
  Use: Scroll            |     1 |     4 ||     5
 Stab: Sleeping          |     4 |       ||     4
Armor: Ring mail         |    34 |    51 ||    85
       Robe              |     1 |       ||     1
       Chain mail        |       |    43 ||    43
Dodge: Dodged            |    74 |   118 ||   192

Table legend: (Time is in decaauts)
 A = Elapsed time spent in this place.
 B = Non-inter-level travel time spent in this place.
 C = Inter-level travel time spent in this place.
 D = Time resting spent in this place.
 E = Time spent auto-exploring this place.
 F = Levels seen in this place.
 G = Mean time per level.
                   A        B        C        D        E       F      G
               +--------+--------+--------+--------+--------+-----+--------+
         Total |   3675 |   3582 |     93 |    761 |   2148 |   3 | 1225.0 |
       Dungeon |   3675 |   3582 |     93 |    761 |   2148 |   3 | 1225.0 |
               +--------+--------+--------+--------+--------+-----+--------+

Top non-repeatable levels by time:
     D:1: 1491 daAuts
     D:2: 1376 daAuts
     D:3: 807 daAuts
